 Dungeon Crawl Stone Soup version 0.28.0-1-gb440e238dd (webtiles) character file.

Game seed: 17813317416698230202

516 bande the Covered (level 7, -2/43 HPs)
             Began as a Gargoyle Fighter on Feb 19, 2022.
             Slain by an ogre (23 damage)
             ... on level 5 of the Dungeon.
             The game lasted 00:05:06 (5713 turns).

bande the Covered (Gargoyle Fighter)                Turns: 5713, Time: 00:05:07

Health: -2/43      AC: 12    Str: 20    XL:     7   Next: 20%
Magic:  7/7        EV:  8    Int: 14    God:
Gold:   196        SH: 10    Dex: 16    Spells: 6/6 levels left

rFire   . . .      SeeInvis .   a - +0 war axe
rCold   . . .      Faith    .   h - +0 kite shield
rNeg    + . .      Spirit   .   b - +0 scale mail
rPois   ∞          Reflect  .   (no helmet)
rElec   +          Harm     .   (no cloak)
rCorr   .          Rampage  .   (no gloves)
Will    .....                   (no boots)
Stlth   ..........              n - amulet "Hero's Friend" {RegenMP rElec Dex+5}
HPRegen 0.14/turn               k - +6 ring of intelligence
MPRegen 0.50/turn               (no ring)

@: no status effects
A: sickness immunity, AC +4, negative energy resistance 1, electricity
resistance, torment resistance 1, petrification resistance
a: no special abilities


You were on level 5 of the Dungeon.
You visited 1 branch of the dungeon, and saw 5 of its levels.

You collected 196 gold pieces.

Inventory:

Hand Weapons
 a - a +0 war axe (weapon)
 p - a +0 flail
Armour
 b - a +0 scale mail (worn)
 h - a +0 kite shield (worn)
 q - a scarf of invisibility
Jewellery
 k - a +6 ring of intelligence (left hand)
 n - the amulet "Hero's Friend" (around neck) {RegenMP rElec Dex+5}
   (You found it on level 3 of the Dungeon)

   [amulet of magic regeneration]

   It increases your rate of magic regeneration.
   Dex:       It affects your dexterity (+5).
   rElec:     It insulates you from electricity.
Scrolls
 c - a scroll of fear
 j - 2 scrolls of amnesia
 o - 3 scrolls of teleportation
Potions
 d - a potion of might
 e - a potion of haste
 f - a potion of attraction {unknown}
 g - 2 potions of curing {unknown}
 i - 3 potions of lignification {unknown}


   Skills:
 + Level 4.3 Fighting
 + Level 4.5 Axes
 + Level 5.4 Armour
 + Level 4.7 Shields
 * Level 0.1 Evocations


You had 6 spell levels left.
You didn't know any spells.
Your spell library contained the following spells:

 Spells                   Type           Power      Damage    Failure   Level
 Chain Lightning          Conj/Air       0%         N/A       100%        9
 Fire Storm               Conj/Fire      0%         5d1       100%        9
 Shatter                  Erth           0%         3d5*      100%        9


Dungeon Overview and Level Annotations

Branches:
Dungeon (5/15)
 Temple: D:4-7

Altars:
The Shining One

Shops:
D:4 (


Innate Abilities, Weirdness & Mutations

You are immune to sickness and miasma.
Your stone body is resilient. (AC +4)
You are immune to poison.
You resist negative energy. (rN+)
You are resistant to electric shocks. (rElec)
You are resistant to unholy torment.
You are immune to petrification.


Message History

Blork the orc is severely wounded.
Blork the orc hits you with a +0 short sword.
Blork the orc completely misses you.
You slash Blork the orc!
You kill Blork the orc!
You have reached level 7!
HP restored.
Things that are here:
a +0 short sword; a +0 robe; a +0 ring mail A jelly comes into view.
Found a stone staircase leading up.
The jelly quivers.
An ogre comes into view. It is wielding a +0 giant club.
The ogre shouts!
The jelly hits you but does no damage.
You hit the jelly.
Your hands burn!
The jelly is moderately wounded.
The jelly hits you but does no damage. x2
You hit the jelly.
Your hands burn!
The jelly is heavily wounded.
The jelly hits you but does no damage.
You slash the jelly!
You kill the jelly!
You hit the ogre.
The ogre is lightly wounded.
You block the ogre's attack.
You hit the ogre.
The ogre is moderately wounded.
The ogre hits you with a +0 giant club!
You hit the ogre.
The ogre is heavily wounded.
The ogre closely misses you.
You hit the ogre.
The ogre is heavily wounded.
The ogre barely misses you.
You barely miss the ogre.
The ogre is heavily wounded.
The ogre hits you with a +0 giant club!!
Ouch! That really hurt!
You die...

#.##
####
#.# ###
#
#.###.#
#
#..)..#
##
#####.#
#.
#####.#
#.
#.....#
#<
#.#####
#. #@.#
#.
#...O.#
#.
#...<.#
#.
#.....#
#.
#.....#
>.
#.....#
##.
#.....#
##
#.....#


You could see an ogre.

Vanquished Creatures
  An ice beast (D:5)
  An ogre (D:4)
  Blork the orc (D:5)
  2 hounds
  A jelly (D:5)
  3 orc wizards
  2 adders
  An ufetubus (D:3)
  3 dart slugs
  7 orcs
  4 ball pythons
  6 bats
  6 endoplasms
  4 giant cockroaches
  9 goblins
  5 hobgoblins
  7 jackals
  7 kobolds
  5 quokkas
  A frilled lizard (D:3)
  6 rats
82 creatures vanquished.

Vanquished Creatures (others)
  2 fungi (D:5)
2 creatures vanquished.

Grand Total: 84 creatures vanquished

Notes
Turn   | Place    | Note
-------+----------+-------------------------------------------
     0 | D:1      | bande the Gargoyle Fighter began the quest for the Orb.
     0 | D:1      | Reached XP level 1. HP: 14/14 MP: 1/1
   330 | D:1      | Reached XP level 2. HP: 10/19 MP: 2/2
  1136 | D:2      | Reached XP level 3. HP: 23/23 MP: 3/3
  1719 | D:2      | Reached skill level 4 in Armour
  1719 | D:2      | Reached XP level 4. HP: 23/29 MP: 4/4
  2494 | D:3      | Identified the amulet "Hero's Friend" {RegenMP rElec Dex+5}
  3394 | D:3      | Reached XP level 5. HP: 33/33 MP: 5/5
  4399 | D:4      | Found Luorom's Antique Weapon Emporium.
  4424 | D:4      | Reached XP level 6. HP: 25/38 MP: 6/6
  4822 | D:4      | Reached skill level 5 in Armour
  5151 | D:5      | Entered Level 5 of the Dungeon
  5168 | D:5      | Noticed an ice beast
  5179 | D:5      | Killed an ice beast
  5658 | D:5      | Found a glowing golden altar of the Shining One.
  5684 | D:5      | Noticed Blork the orc
  5689 | D:5      | Killed Blork the orc
  5690 | D:5      | Reached XP level 7. HP: 42/43 MP: 7/7
  5713 | D:5      | Slain by an ogre

Illustrated notes

Levels and vault maps discovered:
D:1:      psy_arrival_radial02, layout_basic
D:2:      layout_rooms, grunt_decor_fettered
D:3:      layout_basic
D:4:      layout_loops_ring, serial_shops, nicolae_shop_stone
D:5:      nicolae_cairo_tiling_large_dashed, layout_loops_ring,
          nicolae_tso_carved_into_rock, skrybe_limestone_x, uniq_blork_the_orc,
          uniq_crazy_yiuf_cottage

Skill      XL: |  1  2  3  4  5  6 |
---------------+-------------------+-----
Axes           | 2 3 4 |  4.5
Armour         | 4 5 |  5.4
Shields        | 4 |  4.7
Fighting       | 4 |  4.3
Evocations     | |  0.1

Action                   |  1- 3 |  4- 6 |  7- 9 || total
-------------------------+-------+-------+-------++-------
Melee: War axe           |    97 |   155 |     8 ||   260
  Use: Scroll            |     4 |     2 |       ||     6
Armor: Scale mail        |    45 |    93 |     4 ||   142
Dodge: Dodged            |    51 |    45 |     2 ||    98
Block: Buckler           |    13 |       |       ||    13
       Kite shield       |    27 |    84 |     1 ||   112
